 Dungeon Crawl Stone Soup version 0.29.1-1-gd02db6906a (webtiles) character file.

Game seed: 11001459540990174425

249 MisterFreud the Twirler (level 6, -2/48 HPs)
             Began as a Formicid Gladiator on Sept 30, 2022.
             Slain by a white imp (5 damage)
             ... summoned by Natasha
             ... on level 3 of the Dungeon.
             The game lasted 00:02:13 (2507 turns).

MisterFreud the Twirler (Formicid Gladiator)        Turns: 2507, Time: 00:02:14

Health: -2/48      AC:  7    Str: 21    XL:     6   Next: 35%
Magic:  6/6        EV: 12    Int:  7    God:
Gold:   140        SH:  0    Dex: 15    Spells: 5/5 levels left

rFire   . . .      SeeInvis +   a - +0 quarterstaff
rCold   . . .      Faith    .   (no shield)
rNeg    . . .      Spirit   .   b - +0 leather armour
rPois   .          Reflect  .   (helmet unavailable)
rElec   .          Harm     .   i - +0 cloak
rCorr   .          Rampage  .   (no gloves)
Will    .....                   j - +2 pair of boots
Stlth   +.........              o - amulet of the acrobat
HPRegen 0.16/turn               (no ring)
MPRegen 0.10/turn               (no ring)

@: no status effects
A: permanent stasis, dig shafts and tunnels, antennae 3, four strong arms
a: Dig, Shaft Self


You were on level 3 of the Dungeon.
You visited 1 branch of the dungeon, and saw 3 of its levels.

You collected 140 gold pieces.

Inventory:

Hand Weapons
 a - a +0 quarterstaff (weapon)
Missiles
 c - 3 throwing nets (quivered)
 d - 6 javelins
 k - 5 poisoned darts
 m - 4 boomerangs
Armour
 b - a +0 leather armour (worn)
 i - a +0 cloak (worn)
 j - a +2 pair of boots (worn)
Jewellery
 o - an amulet of the acrobat (around neck)
Scrolls
 p - a scroll of amnesia
Potions
 e - 2 potions of curing {unknown}
 f - 2 potions of lignification {unknown}
 g - a potion of mutation {unknown}
 h - a potion of flight
 l - 5 potions of might
 n - a potion of resistance {unknown}


   Skills:
 * Level 3.8 Fighting
 - Level 6.0 Staves
 - Level 2.0 Throwing
 - Level 2.6 Dodging


You had 5 spell levels left.
You didn't know any spells.
Your spell library contained the following spells:

 Spells                   Type           Power      Damage    Failure   Level
 Sublimation of Blood     Necr           0%         N/A       63%         2
 Petrify                  Tmut/Erth      0%         N/A       99%         4
 Irradiate                Conj/Tmut      0%         3d11      100%        5
 Dispersal                Tloc           0%         N/A       100%        6
 Disjunction              Tloc           0%         N/A       100%        8


Dungeon Overview and Level Annotations

Branches:
Dungeon (3/15)

Altars:
Makhleb
Vehumet
Yredelemnul

Annotations:
D:3 1 runed translucent door, Crazy Yiuf, Natasha


Innate Abilities, Weirdness & Mutations

You cannot be hasted, slowed, berserked, paralysed or teleported.
You can dig through walls and to a lower floor.
You have a pair of large antennae on your head. (SInv)
Your four strong arms can wield two-handed weapons with a shield.


Message History

Natasha glows brightly for a moment.
The white imp gestures at you. The puff of frost hits you!
Natasha completely misses you.
You hit Natasha but do no damage. Natasha barely misses you.
The white imp hits you. The white imp freezes you.
You miss Natasha. Natasha barely misses you. The white imp gestures at you.
The puff of frost hits you!
You hit Natasha.
Natasha is moderately wounded.
Natasha claws you but does no damage. The white imp barely misses you.
You hit Natasha.
Natasha is heavily wounded.
Natasha misses you. The white imp barely misses you.
You hit Natasha.
Natasha is severely wounded.
Natasha closely misses you.
The white imp hits you but does no damage.
You hit Natasha.
Natasha is severely wounded.
Natasha claws you.
* * * LOW HITPOINT WARNING * * *
The white imp hits you but does no damage.
You hit Natasha but do no damage.
Natasha is severely wounded.
Natasha claws you but does no damage.
The white imp sputters.
The white imp gestures at you. The puff of frost hits you.
* * * LOW HITPOINT WARNING * * *
You hit Natasha.
Natasha is almost dead.
Natasha barely misses you.
The white imp hits you but does no damage.
You closely miss Natasha.
Natasha is almost dead.
Natasha misses you. The white imp hits you.
* * * LOW HITPOINT WARNING * * *
The white imp freezes you.
You die...

....$...#####'####..####
#. .....<.........#
##....###.
...............#
####..###
#..............# ##...#
#....!†........# ##...
#..............# #..#
#......!.......# #..#
########......## #...
#..@...# #... #..5h$.#
#... #.......... #+..
#.......... #...
####.#.._.. #... .#._8..
##.# .# ._.. #.## .#
.(.. ##.# #.#


You could see Natasha and a white imp (summoned).

Vanquished Creatures
  Sigmund (D:3)
  A gnoll (D:1)
  3 adders
  A worm (D:2)
  4 dart slugs
  A ball python (D:3)
  3 bats
  4 endoplasms
  A giant cockroach (D:1)
  5 goblins
  3 hobgoblins
  4 jackals (D:3)
  4 quokkas
  2 frilled lizards
  3 kobolds
  A rat (D:1)
41 creatures vanquished.

Notes
Turn   | Place    | Note
-------+----------+-------------------------------------------
     0 | D:1      | MisterFreud the Formicid Gladiator began the quest for the
                  | Orb.
     0 | D:1      | Reached XP level 1. HP: 16/16 MP: 1/1
    79 | D:1      | Reached XP level 2. HP: 22/22 MP: 2/2
   300 | D:1      | Reached skill level 4 in Staves
   300 | D:1      | Reached XP level 3. HP: 4/27 MP: 3/3
   678 | D:1      | Found a faded altar of an unknown god.
  1309 | D:2      | Reached XP level 4. HP: 21/33 MP: 4/4
  1835 | D:3      | Reached skill level 5 in Staves
  1876 | D:3      | Noticed Sigmund
  1888 | D:3      | Killed Sigmund
  1889 | D:3      | Reached skill level 6 in Staves
  1889 | D:3      | Reached XP level 5. HP: 39/41 MP: 5/5
  1889 | D:3      | Reached XP level 6. HP: 44/47 MP: 6/6
  2239 | D:3      | Found a runed translucent door.
  2240 | D:3      | Noticed Crazy Yiuf
  2494 | D:3      | Noticed Natasha
  2495 | D:3      | Found a basalt altar of Yredelemnul.
  2495 | D:3      | Found a burning altar of Makhleb.
  2496 | D:3      | Found a radiant altar of Vehumet.
  2507 | D:3      | Slain by a white imp

Illustrated notes

Levels and vault maps discovered:
D:1:      eino_arrival_tree_alley, layout_loops_ring,
          shapermc_ecumenical_altar_starsandcircs, minmay_liquid_box
D:2:      layout_rooms
D:3:      layout_basic, chequers_temple_overflow_statue_of_worship,
          uniq_crazy_yiuf_cottage, uniq_natasha, uniq_sigmund

Skill      XL: |  1  2  3  4 |
---------------+-------------+-----
Staves         | 4 6 |  6.0
Fighting       | 3 |  3.8
Throwing       | |  2.0
Dodging        | |  2.6

Action                   |  1- 3 |  4- 6 || total
-------------------------+-------+-------++-------
Melee: Quarterstaff      |    71 |    87 ||   158
       Punch             |     3 |       ||     3
  Use: Scroll            |     5 |     3 ||     8
Armor: Leather armour    |    21 |    30 ||    51
Dodge: Dodged            |    37 |    60 ||    97
